 Dungeon Crawl Stone Soup version 0.30-a0-29-g142975f185 (webtiles) character file.

Game seed: 10601911856997816918

13995 Shayle the Jinx (level 11, -8/83 HPs)
             Began as a Vampire Enchanter on Aug 26, 2022.
             Was an Initiate of Gozag.
             Mangled by a death yak (21 damage)
             ... in an ice cave on Aug 27, 2022.
             The game lasted 00:45:35 (11013 turns).

Shayle the Jinx (Vampire Enchanter)                Turns: 11013, Time: 00:45:35

Health: -8/83      AC: 13    Str:  7    XL:     11   Next: 82%
Magic:  13/21      EV: 17    Int: 26    God:    Gozag
Gold:   211        SH:  0    Dex: 17    Spells: 2/24 levels left

rFire   + + .      SeeInvis +    A - +8 dagger of Fyleg {vorpal, +Blink rF+ SInv}
rCold   + . .      Faith    .    (no shield)
rNeg    . . .      Spirit   .    N - +2 robe {rC+ rF+}
rPois   .          Reflect  .    P - +1 helmet
rElec   .          Harm     .    D - +2 cloak
rCorr   .          Rampage  .    C - +1 pair of gloves
Will    +....                    m - +1 pair of boots
Stlth   +++++.....               (no amulet)
HPRegen 0.43/turn                i - +6 ring of intelligence
MPRegen 0.17/turn                (no ring)

@: confusing by touch, very slightly contaminated, healing quickly
A: alive, fangs 3, see invisible, vampiric 2
a: Exsanguinate, Renounce Religion, Evoke Blink, Potion Petition, Call Merchant,
Bribe Branch


You were in an ice cave.
You worshipped Gozag.
Gozag was aware of your devotion.
You visited 2 branches of the dungeon, and saw 13 of its levels.
You also visited: Ice Cave.

You collected 1761 gold pieces.
You spent 26 gold pieces at shops.
You paid 1524 gold pieces to Gozag.

Inventory:

Hand Weapons
 a - a +1 dagger
 p - a +2 dagger of protection
 q - a +2 vorpal long sword
 A - the +8 dagger of Fyleg (weapon) {vorpal, +Blink rF+ SInv}
   (You found it on level 3 of the Dungeon)

   It inflicts extra damage upon your enemies.
   rF:        It protects you from fire.
   SInv:      It lets you see invisible.
   +Blink:    It lets you blink.
 E - a +3 quarterstaff of flaming
Missiles
 n - 2 throwing nets
 o - 5 datura-tipped darts (quivered)
 S - 4 curare-tipped darts
Armour
 b - a +0 robe
 g - a +0 buckler
 m - a +1 pair of boots (worn)
 C - a +1 pair of gloves (worn)
 D - a +2 cloak (worn)
 N - a +2 robe of resistance (worn)
 P - a +1 helmet (worn)
Jewellery
 i - a +6 ring of intelligence (left hand)
 s - a ring of resist corrosion
 t - a +6 ring of strength
 I - a ring of wizardry
 R - a +4 ring of evasion
Wands
 h - a wand of iceblast (7)
 u - a wand of quicksilver (20)
 B - a wand of mindburst (18)
 L - a wand of polymorph (2)
Scrolls
 j - 3 scrolls of immolation
 l - 2 scrolls of identify
 r - 4 scrolls of amnesia
 v - 2 scrolls of teleportation
 w - 4 scrolls of vulnerability
 y - a scroll of poison
 Q - a scroll of noise
 T - a scroll of blinking
Potions
 c - 2 potions of invisibility
 e - 3 potions of attraction
 f - a potion of berserk rage
 k - 4 potions of flight
 x - a potion of heal wounds
 z - 5 potions of brilliance
 F - 4 potions of lignification
 G - 4 potions of magic
 H - a potion of ambrosia
 J - a potion of cancellation
 K - a potion of haste
 M - a potion of mutation {unknown}
 O - 2 potions of degeneration {unknown}


   Skills:
 + Level 6.6 Fighting
 - Level 1.4(4.9) Short Blades
 + Level 6.8(6.9) Long Blades
 + Level 8.4 Dodging
 - Level 10.3 Stealth
 + Level 7.1 Spellcasting
 + Level 11.4 Hexes
 + Level 4.5 Necromancy
 + Level 7.2 Ice Magic


You had 2 spell levels left.
You knew the following spells:

 Your Spells              Type           Power      Damage    Failure   Level
a - Ensorcelled Hibernat  Hex/Ice        100%       N/A       1%          2
b - Confusing Touch       Hex            62%        N/A       1%          3
c - Tukima's Dance        Hex            62%        N/A       1%          3
d - Anguish               Hex/Necr       25%        N/A       2%          4
e - Enfeeble              Hex            31%        N/A       43%         7
f - Mephitic Cloud        Conj/Pois/Air  9%         N/A       19%         3

Your spell library contained the following spells:

 Spells                   Type           Power      Damage    Failure   Level
 Slow                     Hex            100%       N/A       1%          1
 Sublimation of Blood     Necr           32%        N/A       1%          2
 Beastly Appendage        Tmut           18%        N/A       6%          1
 Magic Dart               Conj           36%        1d4       6%          1
 Summon Small Mammal      Summ           36%        N/A       6%          1
 Call Imp                 Summ           9%         N/A       10%         2
 Static Discharge         Conj/Air       18%        3-5/arc   10%         2
 Wereblood                Tmut           9%         N/A       10%         2
 Dazzling Flash           Conj/Hex       76%        N/A       1%          3
 Summon Guardian Golem    Hex/Summ       38%        N/A       1%          3
 Vampiric Draining        Necr           32%        2d8       2%          3
 Call Canine Familiar     Summ           9%         N/A       19%         3
 Spider Form              Tmut/Pois      9%         N/A       19%         3
 Lightning Bolt           Conj/Air       4%         1d16      86%         5
 Haunt                    Necr/Summ      10%        N/A       100%        7
 Summon Hydra             Summ           4%         N/A       100%        7
 Infestation              Necr           16%        N/A       100%        8
 Maxwell's Capacitive Co  Air            4%         ∞         100%        8
 Animate Dead             Necr           Unusable   N/A       N/A         4

Dungeon Overview and Level Annotations

Branches:
Dungeon (12/15)            Temple (1/1) D:7             Orc (0/2) D:9
  IceCv (1/1)
   Lair: D:8-11

Altars:
Ashenzari
Cheibriados
Dithmenos
Fedhas
Gozag
Hepliaklqana
Kikubaaqudgha
Makhleb
Nemelex Xobeh
Okawaru
Qazlal
Ru
Sif Muna
Trog
Uskayaw
Vehumet
Wu Jian
Xom
Yredelemnul

Shops:
D:1 *   D:8 *   D:9 (*

Annotations:
D:6 3 runed translucent doors, Spectrina's ghost, amateur DjVM; Zeldest's ghost, novice NaTm; drugrobin's ghost, amateur DgDe; frimble's ghost, novice DsAE; porpoise's ghost, amateur HOWr
D:10 1 runed translucent door
D:11 Josephine


Innate Abilities, Weirdness & Mutations

Your natural rate of healing is accelerated.
You have razor-sharp teeth.
You have supernaturally acute eyesight. (SInv)
You are afflicted with vampirism and can become a bat while bloodless.


Message History

Casting: Mephitic Cloud (dangerous; 19% risk of failure)
Confirm with . or Enter, or press ? or * to list all spells.
Aiming: Mephitic Cloud (dangerous; 19% risk of failure)
Press: ? - help, Shift-Dir - straight line, f/p - rime drake
Aim: a rime drake (chance to confuse on hit: 76%, chance to affect: 72%) That beam is likely to hit you.
Continue anyway?
The ball explodes into a vile cloud!
The stinking cloud engulfs the rime drake but does no damage.
The stinking cloud engulfs you but does no damage.
The stinking cloud engulfs the death yak but does no damage.
The death yak is moderately wounded.
You are engulfed in noxious fumes.
The death yak misses you.
The rime drake is engulfed in noxious fumes.
The rime drake bites you but does no damage.
The death yak attacks as you move away!
The death yak gores you but does no damage.
The death yak snorts and paws the ground.
The rime drake is engulfed in noxious fumes.
The rime drake appears confused.
The rime drake bites the death yak.
The death yak is engulfed in noxious fumes.
The death yak closely misses you.
The rime drake is engulfed in noxious fumes.
The rime drake appears confused.
You hit the death yak but do no damage.
The death yak is moderately wounded.
The ice encasing you melts away.
Unknown command.
You hit the death yak but do no damage.
The death yak is moderately wounded.
The death yak is engulfed in noxious fumes.
The death yak appears confused.
You strike the helpless death yak from behind!
You hit the death yak but do no damage. You bite the death yak.
The death yak is moderately wounded.
The death yak barely misses you.
Casting: Mephitic Cloud (dangerous; 19% risk of failure)
Confirm with . or Enter, or press ? or * to list all spells.
Your hands begin to glow brighter.
The death yak gores you!!
You die...
Your body crumbles into a pile of gold.

.. #### ...
##..###### #...
##....##..## ##...#
#.........$###......
#.∩.∩.@°°...#.k.....
#......Y##k.$$#
##....#####..##
##..## #### ####


You could see a death yak (confused) and a rime drake (confused).

Vanquished Creatures
  A hydra (D:12)
  A two-headed ogre (D:9)
  Nergalle (D:10)
  2 cyclopes
  An ugly thing (D:12)
  A gargoyle (D:11)
  A komodo dragon (D:10)
  A kobold demonologist (D:7)
  2 rime drakes (D:12)
  2 trolls (D:12)
  A polar bear (IceCv)
  3 wraiths
  2 shadows
  15 yaks (D:10)
  2 vampire mosquitoes
  Duvessa (D:5)
  2 water moccasins
  3 orc warriors (D:8)
  A hornet zombie (D:6)
  3 ogres
  2 black bears
  2 sky beasts
  5 centaurs
  5 wolves (IceCv)
  4 phantoms
  A kobold brigand (D:8)
  A necrophage (D:5)
  A scorpion (D:4)
  6 bullfrogs
  A gnoll sergeant (D:9)
  2 water moccasin zombies (D:6)
  A wyvern zombie (D:6)
  A wight (D:8)
  A wyvern skeleton (D:6)
  2 troll zombies (D:9)
  Dowan (D:5)
  5 killer bees
  8 howler monkeys
  A centaur zombie (D:6)
  4 bullfrog zombies (D:6)
  A gnoll bouda (D:7)
  2 hounds (D:5)
  2 jellies
  4 iguanas
  7 orc priests
  Crazy Yiuf (D:3)
  Jessica (D:2)
  3 bullfrog skeletons (D:6)
  3 centaur skeletons (D:6)
  Ijyb (D:3)
  Natasha (twice) (D:2)
  Terence (D:2)
  11 orc wizards
  4 ogre zombies (D:9)
  8 gnolls
  9 adders
  2 white imps
  3 ufetubi
  3 worms
  4 dart slugs
  33 orcs
  10 ball pythons
  12 endoplasms
  2 giant cockroaches
  9 goblins
  2 hobgoblins
  3 jackals (D:1)
  7 kobolds
  2 quokkas
  5 bats
  3 frilled lizards
  A goblin skeleton (D:9)
  2 goblin zombies (D:9)
  A hobgoblin skeleton (D:9)
  3 hobgoblin zombies (D:9)
  3 orc skeletons (D:9)
  9 orc zombies (D:9)
  8 rats
287 creatures vanquished.

Vanquished Creatures (collateral kills)
  A rime drake (IceCv)
  A polar bear (IceCv)
  2 gnolls (D:9)
4 creatures vanquished.

Vanquished Creatures (others)
  A polar bear (IceCv)
  Natasha (D:2)
  An orc (D:8)
3 creatures vanquished.

Grand Total: 294 creatures vanquished

Notes
Turn   | Place    | Note
-------+----------+-------------------------------------------
     0 | D:1      | Shayle the Vampire Enchanter began the quest for the Orb.
     0 | D:1      | Reached XP level 1. HP: 13/13 MP: 3/3
   161 | D:1      | Found Guk Noeq's Assorted Antiques.
   179 | D:1      | Found a faded altar of an unknown god.
   232 | D:1      | Reached XP level 2. HP: 20/20 MP: 5/5
   235 | D:1      | Learned a level 2 spell: Ensorcelled Hibernation
   635 | D:1      | Gained mutation: You are afflicted with vampirism and can
                  | become a bat while bloodless. [Vampire growth]
   635 | D:1      | Reached XP level 3. HP: 25/25 MP: 6/6
   838 | D:2      | Reached skill level 1 in Fighting
   893 | D:2      | Reached skill level 5 in Stealth
  1019 | D:2      | Noticed Natasha
  1022 | D:2      | Killed Natasha
  1023 | D:2      | Reached skill level 5 in Hexes
  1023 | D:2      | Reached skill level 1 in Ice Magic
  1023 | D:2      | Reached XP level 4. HP: 32/32 MP: 7/7
  1045 | D:2      | Noticed Jessica
  1050 | D:2      | Killed Jessica
  1161 | D:2      | Noticed Terence
  1169 | D:2      | Killed Terence
  1170 | D:2      | Reached XP level 5. HP: 37/37 MP: 3/8
  1181 | D:2      | Learned a level 3 spell: Confusing Touch
  1185 | D:2      | Learned a level 3 spell: Tukima's Dance
  1401 | D:2      | Noticed Natasha
  1405 | D:2      | Killed Natasha
  1506 | D:2      | Noticed Natasha
  1520 | D:2      | Killed Natasha
  1673 | D:3      | Noticed a sky beast
  1682 | D:3      | Killed a sky beast
  1683 | D:3      | Reached XP level 6. HP: 34/44 MP: 7/10
  1857 | D:3      | Identified the +0 leather armour "Tutast" {rPois Str-3
                  | Dex+5}
  1937 | D:3      | Identified the +8 dagger of Fyleg {vorpal, +Blink rF+ SInv}
  2262 | D:3      | Found a radiant altar of Vehumet.
  2337 | D:3      | Noticed Ijyb
  2340 | D:3      | Killed Ijyb
  2460 | D:3      | Found a runed translucent door.
  2461 | D:3      | Noticed Crazy Yiuf
  2474 | D:3      | Killed Crazy Yiuf
  2591 | D:3      | Reached skill level 6 in Hexes
  2896 | D:4      | Reached skill level 1 in Long Blades
  3004 | D:4      | Reached XP level 7. HP: 50/50 MP: 11/11
  3655 | D:5      | Entered Level 5 of the Dungeon
  3976 | D:5      | Found a hide-covered altar of Uskayaw.
  4043 | D:5      | Noticed Duvessa
  4046 | D:5      | Noticed Dowan
  4051 | D:5      | Killed Duvessa
  4052 | D:5      | Reached skill level 7 in Hexes
  4052 | D:5      | Reached XP level 8. HP: 48/58 MP: 10/13
  4061 | D:5      | Killed Dowan
  4727 | D:6      | Found a burning altar of Makhleb.
  4798 | D:6      | Reached skill level 5 in Dodging
  4915 | D:6      | Found a runed translucent gate.
  4915 | D:6      | Found a runed translucent gate.
  4916 | D:6      | Found a runed translucent gate.
  4916 | D:6      | Noticed Spectrina's ghost (amateur DjVM)
  4916 | D:6      | Noticed porpoise's ghost (amateur HOWr)
  4918 | D:6      | Noticed frimble's ghost (novice DsAE)
  4918 | D:6      | Noticed Zeldest's ghost (novice NaTm)
  4918 | D:6      | Noticed drugrobin's ghost (amateur DgDe)
  5053 | D:6      | Reached skill level 8 in Hexes
  5070 | D:6      | Reached XP level 9. HP: 65/65 MP: 15/15
  5307 | D:6      | Found a bloodstained altar of Trog.
  5307 | D:6      | Found an iron altar of Okawaru.
  5375 | D:6      | You fall into a shaft and drop 3 floors!
  5389 | D:9      | Noticed a two-headed ogre
  5397 | D:9      | Killed a two-headed ogre
  5398 | D:9      | Reached skill level 5 in Spellcasting
  5593 | D:9      | Found Zin's Purification Station.
  5614 | D:9      | Found Acwohucu's Weapon Emporium.
  5776 | D:8      | Found a basalt altar of Yredelemnul.
  5779 | D:8      | Reached skill level 9 in Hexes
  5779 | D:8      | Reached skill level 5 in Ice Magic
  5962 | D:8      | Found an opulent altar of Gozag.
  5970 | D:8      | Became a worshipper of Gozag Ym Sagoz the Greedy
  6118 | D:8      | Reached XP level 10. HP: 69/73 MP: 5/18
  6118 | D:8      | Found an ancient bone altar of Kikubaaqudgha.
  6825 | D:7      | Reached skill level 10 in Stealth
  6866 | D:7      | Reached skill level 5 in Fighting
  6877 | D:7      | Found a staircase to the Ecumenical Temple.
  6896 | Temple   | Entered the Ecumenical Temple
  6985 | D:7      | Reached skill level 5 in Long Blades
  7340 | D:7      | Found a broken altar of Ashenzari.
  7963 | D:8      | Learned a level 4 spell: Anguish
  7971 | D:8      | Learned a level 7 spell: Enfeeble
  8061 | D:8      | Found Duageus's Assorted Antiques.
  8070 | D:8      | Bought a scroll labelled ZOIHYTO JIAFI for 26 gold pieces
  8073 | D:8      | Found a hazy altar of Hepliaklqana.
  8341 | D:9      | Found a staircase to the Orcish Mines.
  8625 | D:9      | Reached skill level 1 in Necromancy
  9313 | D:10     | Entered Level 10 of the Dungeon
  9317 | D:10     | Reached skill level 10 in Hexes
  9339 | D:10     | Found a stormy altar of Qazlal.
  9520 | D:10     | Found a runed translucent door.
  9555 | D:10     | Noticed a death knight
  9619 | D:10     | Reached XP level 11. HP: 75/81 MP: 15/20
  9987 | D:10     | Noticed Nergalle
 10003 | D:10     | Killed Nergalle
 10419 | D:11     | Noticed Josephine
 10501 | D:12     | Noticed a skeletal warrior
 10630 | D:12     | Noticed an eight-headed hydra
 10642 | D:12     | Killed an eight-headed hydra
 10643 | D:12     | Reached skill level 11 in Hexes
 10679 | D:12     | Noticed a skeletal warrior
 10680 | D:12     | Noticed a skeletal warrior
 10686 | D:12     | HP: 3/82 [skeletal warrior/+0 glaive (27)]
 10804 | D:12     | Noticed a green ugly thing
 10808 | D:12     | Killed a green ugly thing
 10821 | D:12     | Found a frozen archway.
 10840 | IceCv    | Entered an ice cave
 10924 | IceCv    | Learned a level 3 spell: Mephitic Cloud
 10983 | IceCv    | Noticed a death yak
 11013 | IceCv    | Mangled by a death yak

Illustrated notes

Levels and vault maps discovered:
D:1:      eino_arrival_water_star, layout_loops_ring, serial_shops,
          nicolae_shop_competitors_out_of_business,
          shapermc_ecumenical_altar_notcrosses, nicolae_figureground_sparkle
D:2:      layout_basic, skrybe_limestone_x, uniq_terence, uniq_natasha,
          uniq_jessica
D:3:      layout_loops_ring, mainiacjoe_overflow_alcove_4,
          kennysheep_generic_room_5, uniq_crazy_yiuf_cottage, uniq_ijyb
D:4:      cheibrodos_barr_body, layout_gridville
D:5:      layout_loops_ring, mainiacjoe_overflow_surrounded_room, uniq_duvessa
D:6:      layout_loops_ring, grunt_temple_overflow_bloody_war,
          amcnicky_altar_gilded, serial_undead, serial_undead_d,
          serial_undead_a, serial_undead_a, serial_undead_e, serial_undead_c,
          serial_undead_e, serial_undead_e, serial_undead_e,
          gammafunk_ghost_cemetery
D:7:      layout_basic, marbit_many_paths, minmay_temple_entry_purple_smoke
D:8:      minmay_bubble_buster, layout_cave_pools,
          nicolae_gozag_cash_rules_everything_around_me,
          overflow_temple_1_default, yredelemnul_altar_generic,
          kiku_gazebo_pond_becter, serial_shops, nicolae_shop_advertising_works
          [nicolae_subvault_shop_adworks]
D:9:      layout_basic, zin_purify, zombieorc1_lemuel, serial_shops,
          nicolae_shop_bloodbath_and_beyond
D:10:     layout_gridville, mainiacjoe_overflow_boulevard, wad_hexagon,
          uniq_nergalle
D:11:     layout_loops_ring, erik_lair_dragon, nicolae_wwwww, elyvilon_altar_4,
          uniq_josephine
D:12:     layout_basic, portal_ice_cave_rime
Temple:   nicolae_temple_ecumenical_triangle
IceCv:    ice_cave_small_giant

Skill      XL: |  1  2  3  4  5  6  7  8  9 10 11 |
---------------+----------------------------------+-----
Fighting       | 1 2 3 4 5 6 |  6.6
Stealth        | 5 6 7 8 9 10 | 10.3
Hexes          | 5 6 7 8 9 10 11 | 11.4
Ice Magic      | 1 2 3 4 5 6 7 |  7.2
Dodging        | 3 4 5 6 7 8 |  8.4
Spellcasting   | 3 4 5 6 7 |  7.1
Long Blades    | 1 2 3 4 5 6 |  6.8
Necromancy     | 2 4 |  4.5
Short Blades   | |  1.4

Action                   |  1- 3 |  4- 6 |  7- 9 | 10-12 || total
-------------------------+-------+-------+-------+-------++-------
Melee: Dagger            |    81 |   119 |   233 |   297 ||   730
       Bite              |     6 |     9 |    35 |    39 ||    89
       Punch             |     1 |     1 |     3 |     1 ||     6
 Cast: Ensorcelled Hiber |     3 |    21 |    55 |    61 ||   140
       Confusing Touch   |       |     1 |    12 |    23 ||    36
       Mephitic Cloud    |       |       |       |     1 ||     1
Invok: Potion Petition   |       |       |       |     3 ||     3
Evoke: Wand              |       |       |       |     7 ||     7
  Use: Potion            |       |     2 |     6 |     2 ||    10
       Scroll            |       |       |    19 |    11 ||    30
 Stab: Sleeping          |    12 |    20 |    44 |    55 ||   131
       Confused          |       |       |    10 |    17 ||    27
       Invisible         |       |       |     2 |     1 ||     3
       Distracted        |       |       |       |     1 ||     1
Armor: Robe              |    15 |    34 |    99 |    94 ||   242
       Skin              |       |       |    36 |       ||    36
Dodge: Dodged            |    49 |    73 |   291 |   230 ||   643

Table legend: (Time is in decaauts)
 A = Elapsed time spent in this place.
 B = Non-inter-level travel time spent in this place.
 C = Inter-level travel time spent in this place.
 D = Time resting spent in this place.
 E = Time spent auto-exploring this place.
 F = Levels seen in this place.
 G = Mean time per level.
                   A        B        C        D        E       F      G
               +--------+--------+--------+--------+--------+-----+--------+
         Total |  10951 |  10448 |    503 |   1075 |   5934 |  14 |  782.2 |
       Dungeon |  10737 |  10241 |    496 |   1021 |   5900 |  12 |  894.8 |
        Temple |     46 |     39 |      7 |      0 |     34 |   1 |   46.0 |
      Ice Cave |    167 |    167 |      0 |     54 |      0 |   1 |  167.0 |
               +--------+--------+--------+--------+--------+-----+--------+

Top non-repeatable levels by time:
     D:8: 1312 daAuts
     D:9: 1144 daAuts
     D:3: 1108 daAuts
     D:5: 1092 daAuts
     D:6: 981 daAuts
     D:4: 972 daAuts
     D:2: 918 daAuts
     D:7: 898 daAuts
    D:10: 828 daAuts
     D:1: 771 daAuts
    D:12: 357 daAuts
    D:11: 352 daAuts
   IceCv: 167 daAuts
  Temple: 46 daAuts
